cohdb
Replays
Latest Replays
All Replays
Popular Replays
Top Player Replays
Match Explorer
How It Works
Community
CoH3 Stats
Reddit
Sign in to upload your games and track your stats! →
Sign in with Steam
Match 40701527
Unlisted
Match 40701527
Overview
Messages
Build Orders
End
Construct Infanterie Kompanie
Pioneer Squad
Selects Terror Battlegroup
MG 42 Machine Gun Team
Selects Machine Gun Camouflage
Sniper
Medical Station
Construct Luftwaffe Kompanie
Jäger Squad
Jäger Squad
Pioneer Squad
Support Elements
Wirbelwind Flakpanzer
MG 42 Bunker
Selects Contempt for the Weak
Great Inquisitor
Tosh
lplp4943718
Pedro.
Starscream
RCXJPng
NeXp3X
SiT
0
0
Comments
sign in to comment!
No comments posted yet!